 Dungeon Crawl Stone Soup version 0.28.0-49-g6dfe1f597d (webtiles) character file.

Game seed: 15139015218248272811

9699 issech the Protected (level 11, -2/73 HPs)
             Began as a Gnoll Wanderer on May 17, 2022.
             Was a Priest of Hepliaklqana.
             Slain by an entropy weaver simulacrum (6 damage)
             ... in an ice cave.
             The game lasted 01:05:55 (14327 turns).

issech the Protected (Gnoll Wanderer)              Turns: 14327, Time: 01:05:56

Health: -2/73      AC: 25    Str: 14    XL:     11   Next: 50%
Magic:  20/20      EV: 12    Int: 10    God:    Hepliaklqana [***...]
Gold:   1378       SH:  6    Dex: 18    Spells: 22/22 levels left

rFire   x . .      SeeInvis +   V - +0 flail (protect)
rCold   + . .      Faith    .   m - +0 buckler
rNeg    . . .      Spirit   .   x - +1 scale mail "Xefujis" {Rampage Dex+3 SInv}
rPois   .          Reflect  .   E - +0 helmet
rElec   .          Harm     .   (no cloak)
rCorr   .          Rampage  +   d - +5 pair of gloves "Ummo Rua" {Rampage Will+}
Will    +....                   (no boots)
Stlth   ++........              T - amulet of the acrobat
HPRegen 0.22/turn               C - ring of see invisible
MPRegen 0.17/turn               U - ring of ice

@: under a protective aura
A: reduced essence, fangs 1, strong nose, distributed training
a: Renounce Religion, Recall Ancestor, Ancestor Identity, Transference


You were in an ice cave.
You worshipped Hepliaklqana.
Hepliaklqana was most pleased with you.
You visited 2 branches of the dungeon, and saw 12 of its levels.
You also visited: Ice Cave.

You collected 1738 gold pieces.
You spent 360 gold pieces at shops.

Inventory:

Hand Weapons
 e - a +2 long sword
 j - a +2 short sword of venom
 r - a +1 spear of venom
 u - a +2 dagger of flaming
 z - the +6 falchion of a sewer {freeze, Drain rN+ Dex+5}
   (You found it on level 3 of the Dungeon)

   It freezes those it strikes, dealing additional cold damage.
   It can also slow down cold-blooded creatures.
   Dex:       It affects your dexterity (+5).
   rN:        It protects you from negative energy.
   Drain:     It drains your maximum health when unequipped.
 D - a +0 hand crossbow
 H - a +3 shortbow of freezing
 L - a +0 quarterstaff of freezing
 R - a +2 spear of pain
 V - a +0 flail of protection (weapon)
 W - a +2 great sword
Missiles
 f - 67 sling bullets
 h - 327 stones
 n - 47 poisoned darts
 q - 104 bolts
 A - 3 boomerangs (quivered)
 G - 230 arrows
 N - 4 atropa-tipped darts
 Z - 2 curare-tipped darts
Armour
 a - a +0 leather armour of willpower
 d - the +5 pair of gloves "Ummo Rua" (worn) {Rampage Will+}
   (You acquired it on level 9 of the Dungeon)

   Rampage:   It bestows one free step when moving towards enemies.
   Will:      It increases your willpower.
 m - a +0 buckler (worn)
 p - a +0 chain mail of cold resistance
 x - the +1 scale mail "Xefujis" (worn) {Rampage Dex+3 SInv}
   (You found it on level 9 of the Dungeon)

   Dex:       It affects your dexterity (+3).
   SInv:      It lets you see invisible.
   Rampage:   It bestows one free step when moving towards enemies.
 E - a +0 helmet (worn)
Magical Staves
 I - a staff of fire
 Y - a staff of conjuration
Jewellery
 w - a ring of fire
 y - a +6 ring of intelligence
 B - a ring of wizardry
 C - a ring of see invisible (left hand)
 F - a ring of poison resistance
 O - an amulet of magic regeneration
 P - a ring of resist corrosion
 T - an amulet of the acrobat (around neck)
 U - a ring of ice (right hand)
Wands
 c - a wand of flame (2)
 g - a wand of acid (2)
 Q - a wand of iceblast (7)
Scrolls
 i - 5 scrolls of blinking
 k - 3 scrolls of enchant armour
 l - 4 scrolls of fog
 s - 3 scrolls of teleportation
 M - 2 scrolls of silence
 S - 2 scrolls of enchant weapon
Potions
 b - a potion of invisibility
 o - 6 potions of brilliance {unknown}
 t - 7 potions of curing
 v - 3 potions of flight
 J - a potion of lignification {unknown}
 K - a potion of ambrosia {unknown}
 X - 4 potions of haste


   Skills:
 + Level 6.3 Fighting
 + Level 6.3 Short Blades
 + Level 6.3 Long Blades
 + Level 6.3 Axes
 + Level 6.3 Maces & Flails
 + Level 7.9 Polearms
 + Level 6.3 Staves
 + Level 6.3 Slings
 + Level 6.3 Bows
 + Level 6.3 Crossbows
 + Level 6.3 Throwing
 + Level 12.1 Armour
 + Level 6.9 Dodging
 + Level 6.3 Stealth
 + Level 6.3 Shields
 + Level 6.3 Unarmed Combat
 + Level 6.3 Spellcasting
 + Level 5.2 Conjurations
 + Level 5.2 Hexes
 + Level 5.2 Summonings
 + Level 5.2 Necromancy
 + Level 5.2 Translocations
 + Level 5.2 Transmutations
 + Level 5.2 Fire Magic
 + Level 5.2 Ice Magic
 + Level 5.2 Air Magic
 + Level 5.2 Earth Magic
 + Level 5.2 Poison Magic
 + Level 7.5 Invocations
 + Level 6.9 Evocations


You had 22 spell levels left.
You didn't know any spells.
Your spell library contained the following spells:

 Spells                   Type           Power      Damage    Failure   Level
 Animate Skeleton         Necr           26%        N/A       9%          1
 Foxfire                  Conj/Fire      52%        2x1d6     9%          1
 Magic Dart               Conj           52%        1d5       9%          1
 Pain                     Necr           52%        1d6       9%          1
 Summon Small Mammal      Summ           52%        N/A       9%          1
 Call Imp                 Summ           13%        N/A       13%         2
 Corpse Rot               Necr/Air       26%        N/A       13%         2
 Ensorcelled Hibernation  Hex/Ice        40%        N/A       13%         2
 Call Canine Familiar     Summ           13%        N/A       26%         3
 Conjure Flame            Conj/Fire      13%        6-21      26%         3
 Gell's Gravitas          Tloc           13%        N/A       26%         3
 Inner Flame              Hex/Fire       13%        N/A       26%         3
 Lesser Beckoning         Tloc           13%        N/A       26%         3
 Mephitic Cloud           Conj/Pois/Air  13%        N/A       26%         3
 Spider Form              Tmut/Pois      13%        N/A       26%         3
 Stone Arrow              Conj/Erth      26%        3d8       26%         3
 Summon Guardian Golem    Hex/Summ       13%        N/A       26%         3
 Teleport Other           Tloc           13%        N/A       26%         3
 Vampiric Draining        Necr           13%        2d6       26%         3
 Anguish                  Hex/Necr       6%         N/A       65%         4
 Animate Armour           Summ/Erth      26%        N/A       65%         4
 Dispel Undead            Necr           13%        3d9       65%         4
 Flame Wave               Conj/Fire      13%        2d6       65%         4
 Summon Forest            Summ/Tloc      6%         N/A       94%         5
 Death Channel            Necr           6%         N/A       100%        6
 Eringya's Noxious Bog    Tmut/Pois      6%         N/A       100%        6
 Summon Hydra             Summ           6%         N/A       100%        7
 Lehudib's Crystal Spear  Conj/Erth      6%         10d3      100%        8


Dungeon Overview and Level Annotations

Branches:
Dungeon (11/15)            Temple (1/1) D:4            Lair (0/6) D:9
  IceCv (1/1)
    Orc: D:9-12

Altars:
Ashenzari
Cheibriados
Dithmenos
Elyvilon
Fedhas
Gozag
Hepliaklqana
Kikubaaqudgha
Makhleb
Nemelex Xobeh
Okawaru
Qazlal
Ru
Sif Muna
Trog
Uskayaw
Vehumet
Wu Jian
Xom
Yredelemnul
Zin
The Shining One

Shops:
D:10 !


Innate Abilities, Weirdness & Mutations

Your life essence is reduced to manifest your ancestor. (-10% HP)
You have very sharp teeth.
Your uncanny sense of smell can sniff out nearby items.
Your experience applies equally to all skills.


Message History

Ishtar-belessa is engulfed in freezing vapours.
Ishtar-belessa hits the naga simulacrum with a +0 quarterstaff!!
The naga simulacrum vaporises!
Ishtar-belessa is engulfed in freezing vapours.
t - 7 potions of curing (gained 1)
You now have 1378 gold pieces (gained 20).
There is a frozen archway here.
The world spins around you as you enter the gateway.
You enter an ice cave!
Found an ice covered gate leading back out of this place.
There is an ice choked empty arch of ancient stone here.
You swap places.
You rampage towards the entropy weaver simulacrum!
You swap places.
There is an ice choked empty arch of ancient stone here.
There is an ice covered gate leading back out of this place here.
You swap places.
There is an ice choked empty arch of ancient stone here.
You rampage towards the entropy weaver simulacrum!
You closely miss the entropy weaver simulacrum.
The entropy weaver simulacrum hits you but does no damage.
The entropy weaver simulacrum barely misses you.
The entropy weaver simulacrum hits you!
The entropy weaver simulacrum freezes you!
You resist.
* * * LOW HITPOINT WARNING * * *
The entropy weaver simulacrum misses you.
You hit the entropy weaver simulacrum but do no damage.
Your weapon exudes an aura of protection.
Ishtar-belessa points at the entropy weaver simulacrum and mumbles some strange words.
The stone arrow hits the entropy weaver simulacrum.
The entropy weaver simulacrum hits you.
* * * LOW HITPOINT WARNING * * *
The entropy weaver simulacrum freezes you!
You resist.
* * * LOW HITPOINT WARNING * * *
The entropy weaver simulacrum completely misses you.
The entropy weaver simulacrum hits you but does no damage.
The entropy weaver simulacrum hits you.
You die...

#. #. ..
#. #..
### #.#
##.##
#..##...#
#...Z@R∩#
#..##...#
#.# ##.##
#.. ###
#. #. ∆ .
∆ #.


You could see the friendly Ishtar-belessa the battlemage and an entropy weaver
simulacrum (ally target).

Vanquished Creatures
  A two-headed ogre (D:10)
  A kobold demonologist (D:9)
  A troll (D:10)
  2 yaks (D:10)
  A black bear (D:5)
  An ice beast (D:6)
  A sky beast (D:7)
  2 ogres
  4 centaurs
  2 kobold brigands (D:9)
  Blork the orc (D:6)
  A bullfrog (D:7)
  3 scorpions
  5 howler monkeys
  3 centaur zombies
  3 hounds
  4 orc priests
  3 jellies
  Jessica (D:2)
  An orc wizard (D:5)
  An iguana (D:4)
  A troll simulacrum (D:11)
  A spriggan simulacrum (D:11)
  A killer bee zombie (D:6)
  A hound skeleton (D:5)
  Robin (D:4)
  7 adders
  A howler monkey skeleton (D:4)
  2 white imps (D:3)
  An adder skeleton (D:4)
  An adder zombie (D:5)
  A dart slug (D:2)
  23 orcs
  7 ball pythons
  7 bats
  5 endoplasms
  5 giant cockroaches
  16 goblins
  11 hobgoblins
  4 jackals (D:1)
  2 quokkas
  5 frilled lizards
  9 kobolds
  5 rats
159 creatures vanquished.

Vanquished Creatures (collateral kills)
  Fannar (D:10)
  3 death yaks
  A centaur zombie (D:9)
  An unseen horror (D:11)
  2 trolls
  Prince Ribbit (D:8)
  A shadow (D:10)
  A vampire (D:10)
  6 yaks (D:10)
  A steam dragon (D:9)
  A water moccasin (D:9)
  A black bear (D:6)
  2 orc warriors
  A centaur (D:6)
  4 kobold brigands
  A bullfrog (D:8)
  4 wights (D:6)
  2 hounds (D:6)
  A jelly (D:6)
  2 orc priests (D:6)
  2 iguanas
  3 orc wizards
  A spriggan simulacrum (D:11)
  2 howler monkey zombies
  An adder (D:6)
  2 naga simulacra (D:11)
  A white imp (D:8)
  An ufetubus (D:6)
  6 orcs
  6 kobolds
62 creatures vanquished.

Vanquished Creatures (others)
  2 battlemagi
2 creatures vanquished.

Grand Total: 223 creatures vanquished

Notes
Turn   | Place    | Note
-------+----------+-------------------------------------------
     0 | D:1      | Reached skill level 10 in Armour
     0 | D:1      | issech the Gnoll Wanderer began the quest for the Orb.
     0 | D:1      | issech set off with the following items: a +0 spear, a +0
                  | chain mail, a wand of flame (3)
     0 | D:1      | Reached XP level 1. HP: 13/13 MP: 2/2
   245 | D:1      | Reached XP level 2. HP: 11/19 MP: 3/3
  1305 | D:2      | Noticed Jessica
  1316 | D:2      | Reached XP level 3. HP: 23/25 MP: 4/4
  1326 | D:2      | Killed Jessica
  1327 | D:2      | Reached skill level 1 in Fighting
  1327 | D:2      | Reached skill level 1 in Short Blades
  1327 | D:2      | Reached skill level 1 in Long Blades
  1327 | D:2      | Reached skill level 1 in Axes
  1327 | D:2      | Reached skill level 1 in Maces & Flails
  1327 | D:2      | Reached skill level 1 in Staves
  1327 | D:2      | Reached skill level 1 in Slings
  1327 | D:2      | Reached skill level 1 in Bows
  1327 | D:2      | Reached skill level 1 in Crossbows
  1327 | D:2      | Reached skill level 1 in Throwing
  1327 | D:2      | Reached skill level 1 in Stealth
  1327 | D:2      | Reached skill level 1 in Shields
  1327 | D:2      | Reached skill level 1 in Unarmed Combat
  1327 | D:2      | Reached skill level 1 in Spellcasting
  1327 | D:2      | Reached XP level 4. HP: 24/32 MP: 4/6
  1730 | D:2      | Found a stormy altar of Qazlal.
  2002 | D:2      | Reached skill level 1 in Conjurations
  2002 | D:2      | Reached skill level 1 in Hexes
  2002 | D:2      | Reached skill level 1 in Summonings
  2002 | D:2      | Reached skill level 1 in Necromancy
  2002 | D:2      | Reached skill level 1 in Translocations
  2002 | D:2      | Reached skill level 1 in Transmutations
  2002 | D:2      | Reached skill level 1 in Fire Magic
  2002 | D:2      | Reached skill level 1 in Ice Magic
  2002 | D:2      | Reached skill level 1 in Air Magic
  2002 | D:2      | Reached skill level 1 in Earth Magic
  2002 | D:2      | Reached skill level 1 in Poison Magic
  2007 | D:2      | Found a faded altar of an unknown god.
  2296 | D:3      | Reached XP level 5. HP: 36/37 MP: 7/7
  2392 | D:3      | Identified the +6 falchion of a sewer {freeze, Drain rN+
                  | Dex+5}
  3149 | D:4      | Noticed Robin
  3153 | D:4      | Reached XP level 6. HP: 37/44 MP: 8/8
  3407 | D:3      | Reached skill level 5 in Polearms
  3468 | D:4      | Killed Robin
  3598 | D:4      | Reached XP level 7. HP: 30/50 MP: 10/10
  4042 | D:4      | Found a staircase to the Ecumenical Temple.
  4200 | D:4      | Found a broken altar of Ashenzari.
  4214 | D:4      | Found a radiant altar of Vehumet.
  4222 | D:4      | Found a hazy altar of Hepliaklqana.
  4232 | D:4      | Became a worshipper of Hepliaklqana the Forgotten
  4245 | D:4      | Found a shimmering blue altar of Sif Muna.
  4248 | D:4      | Found a shadowy altar of Dithmenos.
  4399 | D:5      | Entered Level 5 of the Dungeon
  4890 | D:5      | Reached XP level 8. HP: 57/57 MP: 12/12
  5297 | D:6      | Noticed Blork the orc
  5309 | D:6      | Killed Blork the orc
  5432 | D:6      | Found a burning altar of Makhleb.
  5648 | D:6      | Reached * piety under Hepliaklqana
  5672 | D:6      | You fall into a shaft and drop 1 floor!
  5708 | D:7      | Reached skill level 11 in Armour
  6593 | D:7      | Found a sparkling altar of Nemelex Xobeh.
  6593 | D:7      | Found an opulent altar of Gozag.
  6642 | D:7      | Found a glowing silver altar of Zin.
  7097 | D:7      | Found an iron altar of Okawaru.
  7097 | D:7      | Found a hide-covered altar of Uskayaw.
  7099 | D:7      | Found an ancient bone altar of Kikubaaqudgha.
  7262 | D:6      | Reached skill level 5 in Invocations
  7262 | D:6      | Reached XP level 9. HP: 50/58 MP: 14/14
  7707 | D:6      | Reached ** piety under Hepliaklqana
  7708 | D:6      | Remembered your ancestor Ishtar-belessa as a battlemage
  7782 | D:6      | Identified 2 scrolls of acquirement
  8223 | D:6      | Reached skill level 5 in Dodging
  8223 | D:6      | Reached skill level 5 in Evocations
  8766 | Temple   | Entered the Ecumenical Temple
  9050 | D:8      | Noticed Prince Ribbit
  9800 | D:8      | Killed Prince Ribbit
 10281 | D:9      | Noticed a kobold demonologist
 10396 | D:9      | Reached XP level 10. HP: 65/65 MP: 15/17
 10445 | D:9      | Identified the +1 scale mail "Xefujis" {Rampage Dex+3 SInv}
 10670 | D:9      | Acquired the +5 pair of gloves "Ummo Rua" {Rampage Will+}
 10733 | D:9      | Reached *** piety under Hepliaklqana
 10750 | D:9      | Reached skill level 5 in Fighting
 10750 | D:9      | Reached skill level 5 in Short Blades
 10750 | D:9      | Reached skill level 5 in Long Blades
 10750 | D:9      | Reached skill level 5 in Axes
 10750 | D:9      | Reached skill level 5 in Maces & Flails
 10750 | D:9      | Reached skill level 5 in Staves
 10750 | D:9      | Reached skill level 5 in Slings
 10750 | D:9      | Reached skill level 5 in Bows
 10750 | D:9      | Reached skill level 5 in Crossbows
 10750 | D:9      | Reached skill level 5 in Throwing
 10750 | D:9      | Reached skill level 5 in Stealth
 10750 | D:9      | Reached skill level 5 in Shields
 10750 | D:9      | Reached skill level 5 in Unarmed Combat
 10750 | D:9      | Reached skill level 5 in Spellcasting
 10918 | D:9      | Acquired 1147 gold pieces
 10937 | D:9      | Killed a kobold demonologist
 11068 | D:9      | Noticed a death yak
 11068 | D:9      | Noticed a death yak
 11068 | D:9      | Noticed a death yak
 11069 | D:9      | Noticed a death yak
 11070 | D:9      | Found a staircase to the Lair.
 11070 | D:9      | Noticed a death yak
 11070 | D:9      | Noticed a death yak
 11348 | D:9      | Killed a death yak
 11355 | D:9      | Killed a death yak
 11580 | D:8      | Killed a death yak
 12451 | D:10     | Entered Level 10 of the Dungeon
 12761 | D:10     | Found a basalt altar of Yredelemnul.
 12777 | D:10     | Noticed a two-headed ogre
 12791 | D:10     | Killed a two-headed ogre
 12792 | D:10     | Reached XP level 11. HP: 54/72 MP: 19/19
 13048 | D:10     | Reached skill level 12 in Armour
 13058 | D:10     | Reached skill level 5 in Conjurations
 13058 | D:10     | Reached skill level 5 in Hexes
 13058 | D:10     | Reached skill level 5 in Summonings
 13058 | D:10     | Reached skill level 5 in Necromancy
 13058 | D:10     | Reached skill level 5 in Translocations
 13058 | D:10     | Reached skill level 5 in Transmutations
 13058 | D:10     | Reached skill level 5 in Fire Magic
 13058 | D:10     | Reached skill level 5 in Ice Magic
 13058 | D:10     | Reached skill level 5 in Air Magic
 13058 | D:10     | Reached skill level 5 in Earth Magic
 13058 | D:10     | Reached skill level 5 in Poison Magic
 13415 | D:10     | Noticed Fannar
 13427 | D:10     | Killed Fannar
 13856 | D:10     | Found Woorghu's Distillery.
 13864 | D:10     | Bought a potion of invisibility for 120 gold pieces
 13864 | D:10     | Bought a potion of haste for 150 gold pieces
 13864 | D:10     | Bought a potion of curing for 45 gold pieces
 13864 | D:10     | Bought a potion of flight for 45 gold pieces
 14291 | D:11     | Found a frozen archway.
 14318 | IceCv    | Entered an ice cave
 14327 | IceCv    | Slain by an entropy weaver simulacrum

Illustrated notes

Levels and vault maps discovered:
D:1:      tarquinn_simple_flora_water_c, layout_basic, nrook_mini_backslash,
          minmay_hedge_maze, minmay_statues_item
D:2:      layout_basic, hellmonk_ecumenical_altar_leap_of_faith, basic_altar,
          uniq_jessica
D:3:      layout_rooms, minmay_fractal_squares_gapless_5
D:4:      layout_cave_pools, minmay_overflow_temple_star_hex,
          minmay_temple_entry_from_below_a, kennysheep_generic_room_4,
          uniq_robin
D:5:      layout_basic, minmay_misc_feat_ornament
D:6:      layout_gridville, makhleb_heckhound_becter, uniq_blork_the_orc
D:7:      layout_loops_cross, grunt_temple_overflow_opulence,
          nicolae_overflow_hidden_temple, zin_academy
D:8:      layout_loops_corners, serial_co_window_serial, co_window_paths_b,
          co_window_paths_b, co_window_corner_a, co_window_of_opportunity_a,
          co_window_corner_a, co_window_broadway_b, co_window_2corner,
          co_window_corner_b, co_window_4corner_b, glass_columns_b,
          uniq_prince_ribbit1
D:9:      layout_stronghold, dpeg_lair_monsters, corexii_checkpoint_a
D:10:     layout_irregular_city, yredelemnul_altar_generic, serial_shops, shop,
          uniq_fannar
D:11:     minmay_distorted_concentric_squares, layout_basic,
          portal_ice_cave_entry_ice_simulacra
Temple:   nicolae_temple_figure_zero
IceCv:    ice_cave_hellmonk_azure_passage

Skill      XL: |  1  2  3  4  5  6  7  8  9 10 11 |
---------------+----------------------------------+-----
Armour         | 11 12 | 12.1
Fighting       | 1 2 3 4 5 6 |  6.3
Short Blades   | 1 2 3 4 5 6 |  6.3
Long Blades    | 1 2 3 4 5 6 |  6.3
Axes           | 1 2 3 4 5 6 |  6.3
Maces & Flails | 1 2 3 4 5 6 |  6.3
Staves         | 1 2 3 4 5 6 |  6.3
Slings         | 1 2 3 4 5 6 |  6.3
Bows           | 1 2 3 4 5 6 |  6.3
Crossbows      | 1 2 3 4 5 6 |  6.3
Throwing       | 1 2 3 4 5 6 |  6.3
Stealth        | 1 2 3 4 5 6 |  6.3
Shields        | 1 2 3 4 5 6 |  6.3
Unarmed Combat | 1 2 3 4 5 6 |  6.3
Spellcasting   | 1 2 3 4 5 6 |  6.3
Conjurations   | 1 2 3 4 5 |  5.2
Hexes          | 1 2 3 4 5 |  5.2
Summonings     | 1 2 3 4 5 |  5.2
Necromancy     | 1 2 3 4 5 |  5.2
Translocations | 1 2 3 4 5 |  5.2
Transmutations | 1 2 3 4 5 |  5.2
Fire Magic     | 1 2 3 4 5 |  5.2
Ice Magic      | 1 2 3 4 5 |  5.2
Air Magic      | 1 2 3 4 5 |  5.2
Earth Magic    | 1 2 3 4 5 |  5.2
Poison Magic   | 1 2 3 4 5 |  5.2
Invocations    | 3 4 5 6 7 |  7.5
Dodging        | 3 4 5 6 |  6.9
Evocations     | 3 4 5 6 |  6.9
Polearms       | 5 6 7 |  7.9

Action                   |  1- 3 |  4- 6 |  7- 9 | 10-12 || total
-------------------------+-------+-------+-------+-------++-------
Melee: Dagger            |    78 |       |       |       ||    78
       Spear             |    27 |   177 |   282 |       ||   486
       Bite              |     7 |    20 |    40 |    27 ||    94
       Punch             |       |     1 |     7 |       ||     8
       Flail             |       |       |    80 |   191 ||   271
Throw: Boomerang         |       |     2 |    31 |    28 ||    61
Invok: Ancestor Life: Ba |       |       |     1 |       ||     1
Evoke: Wand              |       |     1 |       |       ||     1
  Use: Scroll            |       |       |    11 |     6 ||    17
       Potion            |       |       |       |     2 ||     2
 Stab: Distracted        |       |       |     1 |     4 ||     5
       Sleeping          |       |       |       |     5 ||     5
Armor: Chain mail        |   100 |   112 |   258 |     6 ||   476
       Scale mail        |       |       |       |    89 ||    89
Dodge: Dodged            |    45 |    60 |   162 |   116 ||   383
Block: Buckler           |       |       |       |    45 ||    45
